 Dungeon Crawl Stone Soup version 0.30.1-5-ged363bc7ee (webtiles) character file.

Game seed: 4278865782397693803

1186 Cheops the Caller (level 8, -5/52 HPs)
             Began as a Merfolk Summoner on Sept 19, 2023.
             Slain by Pikel
             ... wielding a +1 whip of electrocution
              (20 damage)
             ... on level 5 of the Dungeon.
             The game lasted 00:39:49 (5907 turns).

Cheops the Caller (Merfolk Summoner)                Turns: 5907, Time: 00:39:50

Health: -5/52      AC:  6    Str:  8      XL:     8   Next: 42%
Magic:  12/14      EV: 12    Int: 16      God:
Gold:   267        SH:  0    Dex: 13 (15) Spells: 2/15 levels left

rFire   . . .        b - +1 spear (venom)
rCold   + . .        (no shield)
rNeg    . . .        w - +3 leather armour {rC+}
rPois   .            (no helmet)
rElec   .            (no cloak)
rCorr   .            (no gloves)
SInv    .            (no boots)
Will    ++...        l - amulet of magic regeneration
Stlth   ++           e - ring of willpower
HPRegen 0.28/turn    c - ring of willpower
MPRegen 0.54/turn

%: no passive effects
@: no status effects
A: (nimble swimmer 2), mertail
a: no special abilities


You were on level 5 of the Dungeon.
You visited 1 branch of the dungeon, and saw 5 of its levels.
You also visited: Ossuary.

You collected 267 gold pieces.

Inventory:

Hand Weapons
 a - a +1 trident
 b - a +1 spear of venom (weapon)
 v - a +0 dagger of venom
 y - a +0 spear
Armour
 m - a +0 robe
 q - a +0 leather armour
 w - a +3 leather armour of cold resistance (worn)
Jewellery
 c - a ring of willpower (right hand)
 e - a ring of willpower (left hand)
 l - an amulet of magic regeneration (around neck)
Scrolls
 h - a scroll of teleportation
 k - a scroll of silence
 o - a scroll of poison
 p - a scroll of amnesia
 s - a scroll of enchant armour
Potions
 d - 2 potions of attraction {unknown}
 f - a potion of flight {unknown}
 g - 2 potions of lignification {unknown}
 i - 5 potions of curing {unknown}
 j - 2 potions of might {unknown}
 n - 2 potions of ambrosia {unknown}
 r - a potion of heal wounds {unknown}
 t - 2 potions of degeneration {unknown}
 u - 4 potions of mutation {unknown}
 z - a potion of magic


   Skills:
 + Level 0.0 Armour
 - Level 4.0 Dodging
 - Level 2.1 Stealth
 - Level 4.0 Spellcasting
 - Level 2.0 Hexes
 - Level 7.0 Summonings
 - Level 5.0 Air Magic


You had 2 spell levels left.
You knew the following spells:

 Your Spells              Type           Power      Damage    Failure   Level
C - Call Canine Familiar  Summ           25%        N/A       4%          3
G - Summon Guardian Gole  Hex/Summ       17%        N/A       12%         3
I - Call Imp              Summ           50%        N/A       1%          2
L - Summon Lightning Spi  Summ/Air       22%        N/A       21%         4
M - Summon Small Mammal   Summ           100%       N/A       1%          1

Your spell library contained the following spells:

 Spells                   Type           Power      Damage    Failure   Level
 Tukima's Dance           Hex            9%         N/A       32%         3
 Inner Flame              Hex/Fire       6%         N/A       43%         3
 Passage of Golubria      Tloc           3%         N/A       94%         4
 Yara's Violent Unravell  Hex/Tmut       3%         3d4       99%         5
 Enfeeble                 Hex            4%         N/A       100%        7


Dungeon Overview and Level Annotations

Branches:
Dungeon (5/15)            Ossuary (visited)
 Temple: D:4-7

Altars:
Okawaru
Qazlal
Trog
Vehumet
Wu Jian
Xom
Zin

Shops:
D:4 ((

Annotations:
D:2 find stairs
D:5 4 exclusions, Pikel


Innate Abilities, Weirdness & Mutations

((You are very nimble when in or above water. (Stealth+, EV+, Speed+++)))
Your lower body shifts to a powerful aquatic tail in water.


Message History

Confirm with . or Enter, or press ? or * to list all spells.
The spell is quite dangerous to miscast (21% risk of failure)!
Continue anyway?
An electric hum fills the air.
Casting: Summon Lightning Spire (quite dangerous; 21% risk of failure)
Confirm with . or Enter, or press ? or * to list all spells.
Reach: b) +1 spear (venom)
Press: ? - help, Dir - move target, f - Pikel
Aim: Pikel, wielding a +1 whip of electrocution and wearing a +0 robe (ally target, about 47% to evade your +1 spear of venom)
You reach to attack!
You closely miss Pikel.
Your hound barely misses Pikel.
The lemure barely misses your hound.
You hit Pikel but do no damage.
Pikel is poisoned.
Your hound barely misses Pikel.
Pikel misses you.
Your hound bites Pikel but does no damage.
You barely miss Pikel.
Pikel is lightly wounded.
Your hound barely misses Pikel.
The lemure hits your hound! Pikel misses you.
You hit Pikel.
Pikel is lightly wounded.
Your hound misses Pikel. The lemure barely misses you.
Pikel hits you but does no damage.
You are electrocuted!
Your hound bites Pikel but does no damage.
You barely miss Pikel.
Pikel is lightly wounded.
Your hound closely misses Pikel.
The lemure barely misses you.
Pikel hits you with a +1 whip of electrocution.
Your hound barely misses Pikel.
You hit Pikel but do no damage.
Pikel is moderately wounded.
Your hound bites Pikel but does no damage.
The lemure closely misses you. The lemure closely misses your hound.
Pikel hits you but does no damage.
You are electrocuted!!
* * * LOW HITPOINT WARNING * * *
You hit Pikel but do no damage.
Pikel looks as sick as possible!
Pikel is moderately wounded.
Your hound bites Pikel.
The lemure barely misses you. The lemure closely misses your hound.
Pikel hits you with a +1 whip of electrocution.
* * * LOW HITPOINT WARNING * * *
You are electrocuted!!
You die...

.......#.########.#
#####..### #<# #..#
#.# #..# #.# #..#
#.# #..# #.# .#
#####..# #.###.##
†......# ##......#
#####.## #@#...#.#
#.# #####K5#..# #.#
#...85h.#.# #.#
#.##.5...## #.#
#.....#### #.#
##.......## #.#
#.#.....#.# #.#
#..#...#..# #.#
#...#.#.!.#


You could see Pikel (extremely poisoned, ally target), 3 lemures, a friendly
lightning spire (summoned) and a friendly hound (summoned).

Vanquished Creatures
  An ogre (D:5)
  A phantom (D:4)
  2 scorpions
  A hound (D:5)
  An orc priest (D:2)
  A mummy (Ossuary)
  An adder (D:2)
  A gnoll (D:5)
  2 worms
  2 dart slugs
  3 orcs
  4 endoplasms
  3 giant cockroaches
  4 goblins
  9 hobgoblins
  9 jackals
  2 kobolds
  3 quokkas
  6 ball pythons
  4 bats
  A gnoll zombie (Ossuary)
  3 hobgoblin zombies (Ossuary)
  A kobold zombie (Ossuary)
  An orc zombie (Ossuary)
  5 rats
71 creatures vanquished.

Vanquished Creatures (collateral kills)
  Eustachio (D:5)
  Menkaure (D:4)
  A lemure (D:5)
  5 water moccasin zombies (Ossuary)
  A jelly (D:4)
  An iguana (D:4)
  An orc wizard (D:3)
  A mummy (Ossuary)
  3 gnolls (D:5)
  3 adders
  2 adder zombies (Ossuary)
  2 dart slugs
  3 orcs
  5 endoplasms
  5 gnoll zombies (Ossuary)
  3 goblins
  2 hobgoblins
  A jackal (D:1)
  3 kobolds
  4 ball pythons
  4 bats
  2 frilled lizards (D:1)
  8 hobgoblin zombies (Ossuary)
  2 kobold zombies (Ossuary)
  5 orc zombies (Ossuary)
69 creatures vanquished.

Grand Total: 140 creatures vanquished

Notes
Turn   | Place    | Note
-------+----------+-------------------------------------------
     0 | D:1      | Cheops the Merfolk Summoner began the quest for the Orb.
     0 | D:1      | Reached XP level 1. HP: 13/13 MP: 3/3
   139 | D:1      | Found a faded altar of an unknown god.
   357 | D:1      | Reached XP level 2. HP: 17/19 MP: 3/5
   363 | D:1      | Learned a level 2 spell: Call Imp
   714 | D:1      | Reached XP level 3. HP: 24/24 MP: 3/6
   718 | D:1      | Learned a level 3 spell: Call Canine Familiar
   788 | D:1      | Reached skill level 5 in Summonings
  1625 | D:2      | Reached XP level 4. HP: 26/30 MP: 7/7
  2047 | D:3      | Found a stormy altar of Qazlal.
  2180 | D:2      | Reached skill level 6 in Summonings
  2307 | D:3      | Reached XP level 5. HP: 35/35 MP: 8/8
  2762 | D:4      | Found Tan Cumpobb's Antique Weapon Boutique.
  2799 | D:4      | Found a transporter.
  2803 | D:4      | Found Runuzab's Antique Weapon Boutique.
  2805 | D:4      | Found a transporter.
  2828 | D:4      | Noticed a phantom
  2860 | D:4      | Killed a phantom
  2861 | D:4      | Reached XP level 6. HP: 34/41 MP: 8/11
  2867 | D:4      | Learned a level 4 spell: Summon Lightning Spire
  2878 | D:4      | Found a sand-covered staircase.
  2883 | Ossuary  | Entered an ossuary
  2937 | Ossuary  | Reached skill level 1 in Air Magic
  3281 | Ossuary  | Learned a level 3 spell: Summon Guardian Golem
  3346 | Ossuary  | Reached XP level 7. HP: 28/46 MP: 11/13
  4225 | D:4      | Found an iron altar of Okawaru.
  4353 | D:4      | Found an ornate altar of the Wu Jian Council.
  4475 | D:4      | Noticed Menkaure
  4487 | D:4      | Killed Menkaure
  5108 | D:5      | Entered Level 5 of the Dungeon
  5108 | D:5      | Found a glowing silver altar of Zin.
  5113 | D:5      | Found a radiant altar of Vehumet.
  5113 | D:5      | Found a shimmering altar of Xom.
  5116 | D:5      | Reached XP level 8. HP: 52/52 MP: 11/14
  5145 | D:5      | Reached skill level 5 in Air Magic
  5332 | D:5      | Found a bloodstained altar of Trog.
  5416 | D:5      | Noticed Eustachio
  5452 | D:5      | Killed Eustachio
  5453 | D:5      | Reached skill level 7 in Summonings
  5453 | D:5      | Reached skill level 1 in Hexes
  5883 | D:5      | Noticed Pikel
  5907 | D:5      | Slain by Pikel

Illustrated notes

Levels and vault maps discovered:
D:1:      lightli_arrival_flooded_house, layout_basic,
          ebering_ecumenical_altar_rust
D:2:      minmay_inner_zag, layout_rooms
D:3:      layout_basic, nicolae_qazlal_scattered_showers
D:4:      layout_basic, nicolae_wu_jian_wuxing_cycle,
          mainiacjoe_overflow_alcove_4, enter_ossuary_5, serial_shops, shop,
          nicolae_shop_drivethru, uniq_menkaure
D:5:      lemuel_castle_with_subvaults [lemuel_castle_interior_carwin_2],
          layout_loops_ring, lemuel_doored_altar,
          chequers_temple_overflow_statue_of_worship,
          hangedman_decor_diamond_cutter, mrwooster_statue_mirror,
          uniq_eustachio, uniq_pikel

Skill      XL: |  1  2  3  4  5  6  7  8 |
---------------+-------------------------+-----
Summonings     | 5 6 7 |  7.0
Dodging        | 3 4 |  4.0
Spellcasting   | 3 4 |  4.0
Air Magic      | 2 4 5 |  5.0
Hexes          | 2 |  2.0
Stealth        | |  2.1

Action                     |  1- 3 |  4- 6 |  7- 9 || total
---------------------------+-------+-------+-------++-------
  Melee: Unarmed           |    25 |       |       ||    25
         Mace              |    55 |       |       ||    55
         Dagger            |     7 |   127 |    61 ||   195
         Punch             |       |     3 |       ||     3
         Trident           |       |       |     2 ||     2
         Spear             |       |       |    50 ||    50
   Cast: Summon Small Mamm |    10 |       |       ||    10
         Call Imp          |     6 |     6 |     4 ||    16
         Call Canine Famil |     8 |    19 |    19 ||    46
         Summon Lightning  |       |       |     7 ||     7
    Use: Scroll            |       |     5 |     5 ||    10
   Stab: Distracted        |     1 |     2 |     2 ||     5
         Sleeping          |     2 |     2 |     1 ||     5
 Armour: Robe              |    30 |    14 |    18 ||    62
         Leather armour    |       |       |    17 ||    17
  Dodge: Dodged            |    76 |    92 |    95 ||   263
